 Dungeon Sprint DCSS version 0.28-a0-697-g47f3eba078 (webtiles) character file.

Game seed: 6074549581520219386

294 tatocazan the Cleaver (level 8, 53/70 HPs)
             Began as a Demonspawn Fighter on Oct 23, 2021.
             Was a High Priest of Cheibriados.
             Got out of the dungeon alive.
             The game lasted 00:04:09 (670 turns).

tatocazan the Cleaver (Demonspawn Fighter)           Turns: 670, Time: 00:04:09

Health: 53/70      AC:  8    Str: 33    XL:     8   Next: 92%
Magic:  16/16      EV: 10    Int: 23    God:    Cheibriados [*****.]
Gold:   399        SH:  8    Dex: 27    Spells: 7/7 levels left

rFire   . . .      SeeInvis .   o - +0 broad axe
rCold   . . .      Faith    .   c - +0 buckler
rNeg    . . .      Spirit   .   b - +0 scale mail
rPois   .          Reflect  .   (no helmet)
rElec   .          Harm     .   (no cloak)
rCorr   .          Rampage  .   (no gloves)
Will    .....      NoTele   +   (no boots)
Stlth   +.........              (no amulet)
HPRegen 0.21/turn               (no ring)
MPRegen 0.15/turn               (no ring)

@: very slow
A: hooves 2, foul stench 1, sanguine armour 1
a: Renounce Religion, Bend Time, Temporal Distortion, Slouch, Step From Time


You escaped.
You worshipped Cheibriados.
Cheibriados was extremely pleased with you.
You visited 1 branch You collected 609 gold pieces.
You spent 210 gold pieces at shops.

Inventory:

Hand Weapons
 a - a +0 war axe
 o - a +0 broad axe (weapon)
Armour
 b - a +0 scale mail (worn)
 c - a +0 buckler (worn)
 d - a +0 cloak
Wands
 k - a wand of acid (3)
Scrolls
 j - 4 scrolls of blinking
 m - 3 scrolls of fog
Potions
 f - a potion of heal wounds
 g - 3 potions of haste
 h - 2 potions of magic
 n - a potion of resistance


   Skills:
 + Level 8.8 Fighting
 * Level 10.9 Axes
 + Level 8.0 Armour
 + Level 8.1 Shields
 + Level 10.7 Invocations


You had 7 spell levels left.
You didn't know any spells.
Your spell library was empty.

Dungeon Overview and Level Annotations

Branches:
Dungeon (1/1)

Altars:
Cheibriados
Fedhas
Gozag
Kikubaaqudgha
Makhleb
Okawaru
Qazlal
Ru
Sif Muna
Trog
Vehumet
Wu Jian
Xom
Zin
The Shining One
Beogh
Jiyva
Lugonu

Shops:
D *[??*?*:[((


Innate Abilities, Weirdness & Mutations

You have hoof-like feet.
You may rarely emit foul miasma when damaged in melee.
When seriously injured, your bleeding wounds create armour. (AC +0)


Message History

ROUND 5!
BOSS ROUND!
You sense a tension in the south. notify_dgn_event: Lua error: [string "global_prelude"]:54: Not a monster spell: 'teleport self' You regained 4 hp, and now have 43/70 hp.
You regained 3 mp, and now have 8/16 mp. notify_dgn_event: Lua error: [string "global_prelude"]:54: Not a monster spell: 'teleport self' notify_dgn_event: Lua error: [string "global_prelude"]:54: Not a monster spell: 'teleport self' notify_dgn_event: Lua error: [string "global_prelude"]:54: Not a monster spell: 'teleport self' notify_dgn_event: Lua error: [string "global_prelude"]:54: Not a monster spell: 'teleport self' notify_dgn_event: Lua error: [string "global_prelude"]:54: Not a monster spell: 'teleport self' notify_dgn_event: Lua error: [string "global_prelude"]:54: Not a monster spell: 'teleport self' notify_dgn_event: Lua error: [string "global_prelude"]:54: Not a monster spell: 'teleport self' notify_dgn_event: Lua error: [string "global_prelude"]:54: Not a monster spell: 'teleport self' notify_dgn_event: Lua error: [string "global_prelude"]:54: Not a monster spell: 'teleport self' notify_dgn_event: Lua error: [string "global_prelude"]:54: Not a monster spell: 'teleport self' notify_dgn_event: Lua error: [string "global_prelude"]:54: Not a monster spell: 'teleport self' notify_dgn_event: Lua error: [string "global_prelude"]:54: Not a monster spell: 'teleport self' notify_dgn_event: Lua error: [string "global_prelude"]:54: Not a monster spell: 'teleport self' Your blood armour dries and flakes away. notify_dgn_event: Lua error: [string "global_prelude"]:54: Not a monster spell: 'teleport self' notify_dgn_event: Lua error: [string "global_prelude"]:54: Not a monster spell: 'teleport self' notify_dgn_event: Lua error: [string "global_prelude"]:54: Not a monster spell: 'teleport self'
Okay, then. notify_dgn_event: Lua error: [string "global_prelude"]:54: Not a monster spell: 'teleport self' notify_dgn_event: Lua error: [string "global_prelude"]:54: Not a monster spell: 'teleport self' notify_dgn_event: Lua error: [string "global_prelude"]:54: Not a monster spell: 'teleport self' notify_dgn_event: Lua error: [string "global_prelude"]:54: Not a monster spell: 'teleport self' notify_dgn_event: Lua error: [string "global_prelude"]:54: Not a monster spell: 'teleport self' notify_dgn_event: Lua error: [string "global_prelude"]:54: Not a monster spell: 'teleport self' You see here a yak corpse. notify_dgn_event: Lua error: [string "global_prelude"]:54: Not a monster spell: 'teleport self' notify_dgn_event: Lua error: [string "global_prelude"]:54: Not a monster spell: 'teleport self' notify_dgn_event: Lua error: [string "global_prelude"]:54: Not a monster spell: 'teleport self' notify_dgn_event: Lua error: [string "global_prelude"]:54: Not a monster spell: 'teleport self' notify_dgn_event: Lua error: [string "global_prelude"]:54: Not a monster spell: 'teleport self'
There is a staircase leading out of the dungeon here.
MP restored: 16 Are you sure you want to leave the Dungeon?
This will make you lose the game! notify_dgn_event: Lua error: [string "global_prelude"]:54: Not a monster spell: 'teleport self' You have escaped!

#_......._#
###.........###
#⌠...........⌠#
######.8..†......8.#
##.___......###......
###∩........8.# .8......
##.............###........
#⌠.[....[..[###...###.....
#⌠........).# #.@.# .....
#⌠..........###...###.....
##.............###........
###∩....)...8.# #.8......
##∩___......###......__
######.8.........8.###
#⌠...........⌠#
###.........###
#_........#


There were no monsters in sight!

Vanquished Creatures
  Maurice (D)
  Joseph (D)
  A queen bee (D)
  Sigmund (D)
  A wyvern (D)
  A yak (D)
  5 scorpions (D)
  5 killer bees (D)
  A howler monkey (D)
  An iguana (D)
  An adder zombie (D)
  An orc (D)
  A giant cockroach (D)
  A ball python (D)
  A goblin (D)
  A kobold (D)
24 creatures vanquished.

Notes
Turn   | Place    | Note
-------+----------+-------------------------------------------
     0 | D        | tatocazan the Demonspawn Fighter began the quest for the
                  | Orb.
     0 | D        | Reached XP level 1. HP: 18/18 MP: 1/1
     1 | D        | Found a shimmering altar of Xom.
     2 | D        | Found a corrupted altar of Lugonu.
     2 | D        | Found an ornate altar of the Wu Jian Council.
     3 | D        | Found a snail-covered altar of Cheibriados.
     4 | D        | Found a viscous altar of Jiyva.
     4 | D        | Found a sacrificial altar of Ru.
     4 | D        | Found Lafuarer's Weapon Rack.
     4 | D        | Found Pugogow's Premium Goods.
     5 | D        | Found Reet's Basic Armour.
     5 | D        | Found Raockaf's Miscellaneous Merchandise.
     5 | D        | Round 1.
    12 | D        | Became a worshipper of Cheibriados the Contemplative
    16 | D        | Bought a +0 broad axe for 120 gold pieces
    21 | D        | Found a radiant altar of Vehumet.
    22 | D        | Found a burning altar of Makhleb.
    23 | D        | Noticed Sigmund
    24 | D        | Found Nel Nass's Identification Station.
    24 | D        | Found an ancient bone altar of Kikubaaqudgha.
    24 | D        | Found a stormy altar of Qazlal.
    24 | D        | Found a blossoming altar of Fedhas.
    25 | D        | Found Gashru's Advanced Armour.
    25 | D        | Found Umus's Jewellery.
    30 | D        | Reached * piety under Cheibriados
    31 | D        | Reached skill level 1 in Invocations
    33 | D        | Killed Sigmund
    34 | D        | Reached skill level 5 in Fighting
    34 | D        | Reached skill level 5 in Invocations
    34 | D        | Gained mutation: When seriously injured, your bleeding
                  | wounds create armour. (AC +0) [demonic ancestry]
    34 | D        | Reached XP level 2. HP: 24/27 MP: 1/5
    34 | D        | Gained mutation: You may rarely emit foul miasma when
                  | damaged in melee. [demonic ancestry]
    34 | D        | Reached XP level 3. HP: 30/33 MP: 1/7
    34 | D        | Gained mutation: You have large cloven feet. [demonic
                  | ancestry]
    34 | D        | Reached XP level 4. HP: 35/39 MP: 1/8
    34 | D        | Reached XP level 5. HP: 40/44 MP: 1/9
    39 | D        | Bought a scorched iron ring for 45 gold pieces
    39 | D        | Identified the ring of Xom's Envy {Ice rElec Str+4 Int-2
                  | Dex-3 Stlth+} (You bought it in a shop in the Dungeon)
    43 | D        | Reached ** piety under Cheibriados
    78 | D        | Arena points: 14 (+14) [x2]
    81 | D        | Bought a faintly glowing iron ring for 45 gold pieces
    81 | D        | Identified the ring of Cusum {Fly rCorr Int-3 Dex-4 Stlth+}
                  | (You bought it in a shop in the Dungeon)
   147 | D        | Round 2.
   160 | D        | Reached skill level 5 in Armour
   160 | D        | Reached skill level 5 in Shields
   179 | D        | Reached *** piety under Cheibriados
   180 | D        | Gained mutation: You have hoof-like feet. [demonic
                  | ancestry]
   180 | D        | Reached XP level 6. HP: 29/52 MP: 10/10
   283 | D        | Reached **** piety under Cheibriados
   283 | D        | Arena points: 50 (+36) [x3]
   323 | D        | Round 3.
   324 | D        | Noticed a queen bee
   333 | D        | Killed a queen bee
   334 | D        | Reached XP level 7. HP: 60/60 MP: 11/13
   354 | D        | Reached ***** piety under Cheibriados
   428 | D        | Arena points: 134 (+84) [x4]
   489 | D        | Round 4.
   495 | D        | Found a shimmering blue altar of Sif Muna.
   495 | D        | Found an opulent altar of Gozag.
   496 | D        | Noticed a yak
   497 | D        | Found Wophun's Magic Scroll Shop.
   498 | D        | Found an iron altar of Okawaru.
   498 | D        | Found a bloodstained altar of Trog.
   498 | D        | Found Mifeg's Staff Store.
   498 | D        | Found Musmigic's Magic Scroll Shop.
   498 | D        | Found Ogrotig's Must-Have Magic.
   503 | D        | Killed a yak
   504 | D        | Reached XP level 8. HP: 26/68 MP: 13/15
   570 | D        | Reached ****** piety under Cheibriados
   583 | D        | Noticed Maurice
   597 | D        | Reached skill level 10 in Axes
   597 | D        | Killed Maurice
   598 | D        | Reached skill level 10 in Invocations
   600 | D        | Noticed Joseph
   611 | D        | Killed Joseph
   618 | D        | Arena points: 294 (+160) [x5]
   641 | D        | Round 5.
   670 | D        | Got out of the dungeon alive.

Illustrated notes

Levels and vault maps discovered:
D:        arena_sprint

Skill      XL: |  1  2  3  4  5  6  7  8 |
---------------+-------------------------+-----
Axes           | 6 7 8 9 10 | 10.9
Invocations    | 5 6 8 9 10 | 10.7
Fighting       | 5 7 8 |  8.8
Armour         | 4 5 6 7 8 |  8.0
Shields        | 4 5 6 7 8 |  8.1

Action                   |  1- 3 |  4- 6 |  7- 9 || total
-------------------------+-------+-------+-------++-------
Melee: Broad axe         |     5 |    27 |    31 ||    63
       Kick              |       |     6 |    14 ||    20
Invok: Slouch            |       |       |     3 ||     3
Evoke: Wand              |       |     4 |     3 ||     7
  Use: Potion            |     1 |     2 |     3 ||     6
Armor: Scale mail        |     4 |     8 |    16 ||    28
Dodge: Dodged            |     5 |    13 |    20 ||    38
Block: Buckler           |       |     6 |    23 ||    29

Table legend: (Time is in decaauts)
 A = Elapsed time spent in this place.
 B = Non-inter-level travel time spent in this place.
 C = Inter-level travel time spent in this place.
 D = Time resting spent in this place.
 E = Time spent auto-exploring this place.
 F = Levels seen in this place.
 G = Mean time per level.
                   A        B        C        D        E       F      G
               +--------+--------+--------+--------+--------+-----+--------+
         Total |    777 |    777 |      0 |    264 |    199 |   1 |  777.0 |
       Dungeon |    777 |    777 |      0 |    264 |    199 |   1 |  777.0 |
               +--------+--------+--------+--------+--------+-----+--------+

Top non-repeatable levels by time:
       D: 777 daAuts
